 Dungeon Crawl Stone Soup version 0.31-a0-263-ge8cad7f256 (webtiles) character file.

Game seed: 206300458128019768

67 qw the Shooter (level 4, 0/26 HPs)
             Began as a Gargoyle Hexslinger on July 13, 2023.
             Slain by a goblin
             ... wielding a +0 club
              (3 damage)
             ... on level 2 of the Dungeon.
             The game lasted 00:00:32 (1479 turns).

qw the Shooter (Gargoyle Hexslinger)                Turns: 1479, Time: 00:00:33

Health: 0/26       AC:  8    Str: 12    XL:     4   Next: 16%
Magic:  5/5        EV: 10    Int: 13    God:
Gold:   94         SH:  0    Dex: 14    Spells: 4/5 levels left

rFire   . . .        Y - +2 sling
rCold   . . .        (no shield)
rNeg    + . .        b - +0 ring mail
rPois   inf          (no helmet)
rElec   +            (no cloak)
rCorr   .            (no gloves)
SInv    .            (no boots)
Will    .....        (no amulet)
Stlth   +            (no ring)
HPRegen 0.24/turn    (no ring)
MPRegen 0.09/turn

%: clarity
@: no status effects
A: sickness immunity, AC +3, negative energy resistance 1, electricity
resistance, torment resistance 1, petrification resistance, clarity
a: no special abilities


You were on level 2 of the Dungeon.
You visited 1 branch of the dungeon, and saw 3 of its levels.

You collected 94 gold pieces.


Innate Abilities, Weirdness & Mutations

You are immune to sickness and miasma.
Your stone body is resilient. (AC +3)
You are immune to poison.
You resist negative energy. (rN+)
You are resistant to electric shocks. (rElec)
You are resistant to unholy torment.
You are immune to petrification.
You possess an exceptional clarity of mind.


   Skills:
 - Level 2.0 Fighting
 - Level 4.0 Ranged Weapons
 + Level 0.0 Armour
 - Level 1.5 Dodging
 - Level 1.0 Spellcasting
 - Level 2.6 Hexes


You had 4 spell levels left.
You knew the following spells:

 Your Spells              Type           Power      Damage    Failure   Level
a - Slow                  Hex            28%        N/A       22%         1

Your spell library contained the following spells:

 Spells                   Type           Power      Damage    Failure   Level
 Inner Flame              Hex/Fire       4%         N/A       73%         3
 Portal Projectile        Hex/Tloc       8%         N/A       73%         3
 Cause Fear               Hex            3%         N/A       91%         4

Inventory:

Hand Weapons
 Y - a +2 sling (weapon)
Armour
 b - a +0 ring mail (worn)
Scrolls
 h - a scroll of identify
Potions
 a - a potion of mutation
 d - a potion of enlightenment
 g - a potion of curing

Dungeon Overview and Level Annotations

Branches:
Dungeon (3/15)

Altars:


Message History

The scorpion stings you but does no damage.
The goblin closely misses you. The endoplasm freezes you.
You are frozen.
You shoot a sling bullet.
The sling bullet barely misses the scorpion.
The scorpion barely misses you. The endoplasm misses you.
The goblin hits you but does no damage. The scorpion closely misses you.
You shoot a sling bullet.
The sling bullet closely misses the scorpion.
The scorpion stings you.
The endoplasm hits you but does no damage.
The goblin barely misses you.
You shoot a sling bullet. The sling bullet hits the scorpion.
The scorpion is moderately wounded.
The scorpion barely misses you. The endoplasm barely misses you.
The goblin barely misses you.
The scorpion stings you but does no damage.
The endoplasm freezes you.
You are frozen.
The goblin barely misses you.
You shoot a sling bullet.
The sling bullet closely misses the scorpion.
The scorpion barely misses you.
The endoplasm hits you but does no damage.
The goblin hits you but does no damage. The scorpion misses you.
You shoot a sling bullet. The sling bullet hits the scorpion!
The scorpion is severely wounded.
The goblin closely misses you.
The endoplasm hits you but does no damage.
The scorpion barely misses you.
You shoot a sling bullet.
The sling bullet hits the scorpion but does no damage.
The scorpion is severely wounded.
The scorpion stings you.
The endoplasm hits you but does no damage.
The goblin hits you but does no damage.
The scorpion stings you but does no damage.
The endoplasm freezes you.
You are frozen.
The goblin hits you with a +0 club.
You die...

#.......# #.# #.#
#.......## #.# #.#
#........# #.# #.#
#........## #.# #.#
#.........#####.# ###.#
####.........##.#
####...#
#......##...[###..).###
#......####sJ##..####
#......# ##@g..##
#......# ######
########


You could see a scorpion, an endoplasm and a goblin.

Vanquished Creatures
  An orc wizard (D:2)
  A worm (D:2)
  3 orcs
  6 bats
  5 endoplasms
  2 giant cockroaches
  A goblin (D:1)
  2 hobgoblins (D:1)
  2 kobolds
  A quokka (D:1)
  5 ball pythons
  5 frilled lizards
  5 rats
39 creatures vanquished.

Notes
Turn   | Place    | Note
-------+----------+-------------------------------------------
     0 | D:1      | qw the Gargoyle Hexslinger began the quest for the Orb.
     0 | D:1      | Reached XP level 1. HP: 12/12 MP: 2/2
     0 | D:1      | 0 ||| qw: Version: 0.3-a-52-g30416fa
     0 | D:1      | 0 ||| qw: Game counter: 7274
     0 | D:1      | 0 ||| qw: Melee chars always use a shield: true
     0 | D:1      | 0 ||| qw: God list: Okawaru
     0 | D:1      | 0 ||| qw: Allow faded altars: false
     0 | D:1      | 0 ||| qw: Do Orc after clearing Dungeon:15 true
     0 | D:1      | 0 ||| qw: Do second Lair branch before Depths: true
     0 | D:1      | 0 ||| qw: Lair rune preference: random
     0 | D:1      | 0 ||| qw: Goals: Normal
     0 | D:1      | 0 ||| PLANNING D:1-11
   128 | D:1      | Reached XP level 2. HP: 16/16 MP: 3/3
   306 | D:1      | Reached skill level 3 in Ranged Weapons
   573 | D:1      | Reached XP level 3. HP: 20/21 MP: 4/4
   843 | D:1      | 843 ||| UPGRADING to +0 leather armour.
   853 | D:1      | 853 ||| DROPPING +0 robe.
   854 | D:1      | 854 ||| READING scroll labelled LATAUS LIORYOV.
   855 | D:1      | 855 ||| READING scroll labelled ERI ACIBRIETWO.
   856 | D:1      | 856 ||| READING scroll labelled PYALIHAFUN.
   857 | D:1      | 857 ||| READING 2 scrolls labelled PIFIR JONEHYM UMP.
   858 | D:1      | 858 ||| READING scroll labelled WEOPHA IWARUG.
   859 | D:1      | 859 ||| DROPPING scroll of poison.
  1355 | D:2      | 1355 ||| UPGRADING to +0 ring mail.
  1365 | D:2      | 1365 ||| DROPPING +0 leather armour.
  1366 | D:2      | 1366 ||| DRINKING 2 fizzy inky potions.
  1366 | D:2      | Gained mutation: You possess an exceptional clarity of
                  | mind. [potion of mutation]
  1367 | D:2      | 1367 ||| DRINKING 2 blue potions.
  1368 | D:2      | 1368 ||| READING 3 scrolls of identify.
  1368 | D:2      | 1368 ||| IDENTIFYING fuming puce potion
  1369 | D:2      | 1369 ||| READING 2 scrolls of identify.
  1369 | D:2      | 1369 ||| IDENTIFYING silvery potion
  1370 | D:2      | 1370 ||| DROPPING potion of invisibility.
  1402 | D:3      | 1402 ||| STAIRDANCE
  1402 | D:3      | Noticed a scorpion
  1406 | D:2      | Reached XP level 4. HP: 15/26 MP: 5/5
  1471 | D:3      | Reached skill level 4 in Ranged Weapons
  1471 | D:3      | 1471 ||| STAIRDANCE
  1476 | D:2      | HP: 5/26 [frozen (3)]
  1479 | D:2      | Slain by a goblin

Levels and vault maps discovered:
D:1:      kennysheep_arrival_seaside, layout_loops_ring, serial_glass,
          glass_columns_c, glass_columns_b, chequers_jeans
D:2:      layout_basic
D:3:      layout_rooms, mainiacjoe_overflow_large_starburst,
          chequers_ecumenical_altar_island, supply_closet_lemuel, uniq_grinder,
          uniq_jessica

Skill      XL: |  1  2  3  4 |
---------------+-------------+-----
Ranged Weapons | 3 4 |  4.0
Fighting       | 2 |  2.0
Dodging        | |  1.5
Spellcasting   | |  1.0
Hexes          | |  2.6

Action                     |  1- 3 |  4- 6 || total
---------------------------+-------+-------++-------
   Fire: Sling             |   100 |    16 ||   116
    Use: Scroll            |     7 |       ||     7
         Potion            |     2 |       ||     2
 Armour: Robe              |     7 |       ||     7
         Ring mail         |     7 |    19 ||    26
         Leather armour    |     5 |       ||     5
  Dodge: Dodged            |    26 |    19 ||    45

Table legend:
 A = Non-vault XP
 B = Vault XP
 C = Vault XP percentage of total XP
 D = Non-vault monster count
 E = Vault monster count
 F = Vault count percentage of total count
                 A         B        C        D         E       F
            +---------+---------+-------+---------+---------+-------
      Total |      96 |       0 |   0.0 |      39 |       0 |   0.0
            +---------+---------+-------+---------+---------+-------
        D:1 |      35 |       0 |   0.0 |      23 |       0 |   0.0
        D:2 |      58 |       0 |   0.0 |      15 |       0 |   0.0
        D:3 |       3 |       0 |   0.0 |       1 |       0 |   0.0
            +---------+---------+-------+---------+---------+-------
